Description

game 2 of iem gyeonggi innovation makes sure to be completely safe against mothership core+pylon and oracle pressure. follows up into a slightly later medivac stim timing.

VOD

https://www.youtube.com/watch?v=RY5QAxpXsQY

Replay - Innovation vs Stats map 2

Build Order

Get SALT Encoding   

  14  0:16  Supply Depot  
  16  0:40  Barracks  
  16  0:42  Refinery  
  19  1:26  Marine  
  19  1:27  Orbital Command  
  20  1:39  Command Center  
  20  1:45  Barracks Reactor  
  21  1:55  Supply Depot  
  21  2:07  Bunker  
  22  2:13  Barracks  
  22  2:21  Marine x2  
  24  2:29  Engineering Bay  
  26  2:38  Marine  
  26  2:39  Marine  
  28  2:50  Orbital Command  
  28  2:56  Missile Turret  
  28  2:57  Marine x2  
  30  3:05  Barracks Tech Lab  
  31  3:15  Marine x2  
  33  3:24  Stimpack, Marine  
  34  3:32  Marine  
  34  3:33  Marine  
  36  3:35  Supply Depot  
  36  3:42  Factory  
  36  3:47  Refinery  
  42  4:03  Terran Infantry Weapons Level 1  
  46  4:22  Supply Depot  
  48  4:27  Starport  
  48  4:30  Factory Reactor  
  54  4:46  Supply Depot  
  56  4:56  Supply Depot  
  59  5:05  Refinery  
  61  5:12  Medivac x2  
  65  5:15  Widow Mine  
  65  5:19  Supply Depot  
  71  5:29  Combat Shields, Barracks  
  73  5:36  Refinery  
  73  5:45  Factory Reactor  
  73  5:46  Marauder  
  79  5:51  Supply Depot  
  81  6:02  Terran Infantry Armor Level 1  
  113  7:18  Command Center  
Spawning Tool Build Advisor. Get it on Overwolf

Analysis

places the bunker at the natural but near the ramp, allowing him to defend pylon pressure as well as adepts that would otherwise shade past the bunker had it been farther from the ramp

Go to:

Details

  • Created by: venipenny
  • Published on: Jan 10, 2017
  • Modified on: Jan 16, 2017
  • Patch: 3.8.0
Show
View Real Time Build Order
Export as new Build Order

Comments (2)

On Jan. 13, 2017, 1:04 p.m., rthmjohn  said:

The gas is also after the barracks...

On Jan. 13, 2017, 1:01 p.m., rthmjohn  said:

The barracks is built at 16 supply.

Create an account to comment!